Description

神庙AI有A、B两种刷新模式,游戏开始时确定,概率相同 AB模式判定方法: 1.A型指挥官会在3分15秒开始报红点,B型指挥官会在3分10秒开始报红点(可能会受到其他指挥官或者任务语音的干扰) 2.6分刷新的混合体,A型为陆军混合体,B型为空军混合体

最迟在9分钟那一波红点可以区分 A型两边同时出兵 B型只出一边 本背板为A型 若发现为B型 请在游戏中ALT+Q后X掉 再用快捷键启用B型背板即可

Build Order

Get SALT Encoding   

    3:00  Slayer 前方  
    4:15  Slayer 前方  
    6:00  Slayer 前方 小混合体*1  
    6:45  Slayer 前方  
    7:30  Slayer 前方  
  99  8:15  Slayer 前方 虚空撕裂者  
  1  9:30  Action A型 左和右同时  
    10:00  Slayer 左+右  
    11:00  Slayer A型 左和右同时  
    12:00  Slayer 前方  
    12:30  Slayer  
    13:15  Slayer 前方  
  99  13:45  Slayer 通用 右近点 虚空撕裂者  
  1  15:00  Action A型 后方 空军混合体*1  
  1  15:20  Action A型 后方 空军混合体*1  
  1  16:10  Action A型空投  
  1  16:40  Action A型空投  
  99  16:55  Action A型 左近点 虚空撕裂者  
  1  18:00  Action A型 左 混合体全家桶  
  1  18:15  Action A型 右 混合体全家桶  
  1  19:15  Slayer A型 后方红点  
  1  20:00  Action A型 前方红点  
  1  20:15  Action A型 到21:30共四轮空投 1-4-7点方位  
  1  22:00  Action A型 前方红点  
  99  22:30  Slayer 右远和左远 虚空撕裂者和红点  
    23:30  Slayer 左红点  
    23:40  Slayer 右红点  
    24:40  Slayer 左 前 右 同时红点  
Spawning Tool Build Advisor. Get it on Overwolf

Go to:

Details

  • Created by: Arbalest
  • Published on: Dec 31, 2019
  • Modified on: Jan 02, 2020
  • Patch: 4.11.0
Show
View Real Time Build Order
Export as new Build Order

Comments (0)

There are no comments. Be the first!

Create an account to comment!